 Dungeon Crawl Stone Soup version 0.29-a0-319-gad05b8d819 (webtiles) character file.

Game seed: 5528930051537852968

67 enile the Digger (level 4, -7/27 (33) HPs)
             Began as a Formicid Earth Elementalist on Apr 1, 2022.
             Was a Follower of Elyvilon.
             Shot with an arrow by a centaur (12 damage)
             ... on level 4 of the Dungeon.
             The game lasted 00:05:20 (2718 turns).

enile the Digger (Formicid Earth Elementalist)      Turns: 2718, Time: 00:05:20

HP:   -7/27 (33)    AC:  2    Str: 13    XL:     4   Next: 40%
MP:   4/7           EV: 12    Int: 16    God:    Elyvilon [*.....]
Gold: 131           SH:  0    Dex: 11    Spells: 4/7 levels left

rFire   . . .      SeeInvis +   e - +0 dagger
rCold   . . .      Faith    .   (no shield)
rNeg    . . .      Spirit   .   b - +0 robe
rPois   +          Reflect  .   (helmet unavailable)
rElec   .          Harm     .   (no cloak)
rCorr   +          Rampage  .   (no gloves)
Will    .....                   (no boots)
Stlth   ++........              (no amulet)
HPRegen 0.09/turn               i - ring of poison resistance
MPRegen 0.10/turn               g - ring of resist corrosion

@: weak-willed, heavily drained
A: permanent stasis, dig shafts and tunnels, antennae 3, four strong arms
a: Dig, Shaft Self, Renounce Religion, Purification


You were on level 4 of the Dungeon.
You worshipped Elyvilon.
Elyvilon was aware of your devotion.
You visited 1 branch of the dungeon, and saw 3 of its levels.

You collected 131 gold pieces.

Inventory:

Hand Weapons
 e - a +0 dagger (weapon)
Missiles
 o - 19 stones
Armour
 b - a +0 robe (worn)
 m - a +0 chain mail
Jewellery
 g - a ring of resist corrosion (right hand)
 i - a ring of poison resistance (left hand)
Scrolls
 j - 2 scrolls of identify {unknown}
 k - a scroll of amnesia {unknown}
 l - a scroll of fog {unknown}
 n - 3 scrolls of immolation {unknown}
Potions
 c - a potion of magic
 d - a potion of heal wounds
 f - 2 potions of curing {unknown}


   Skills:
 - Level 2.0 Fighting
 - Level 3.0 Dodging
 + Level 3.4 Stealth
 - Level 2.1 Spellcasting
 - Level 1.1 Transmutations
 - Level 3.6 Earth Magic


You had 4 spell levels left.
You knew the following spells:

 Your Spells              Type           Power      Damage    Failure   Level
a - Sandblast             Erth           26%        2d8       4%          1
b - Passwall              Tmut/Erth      7%         N/A       12%         2

Your spell library contained the following spells:

 Spells                   Type           Power      Damage    Failure   Level
 Stone Arrow              Conj/Erth      14%        3d7       28%         3
 Petrify                  Tmut/Erth      9%         N/A       61%         4


Dungeon Overview and Level Annotations

Branches:
Dungeon (2/15)

Altars:
Elyvilon

Annotations:
D:2 Robin


Innate Abilities, Weirdness & Mutations

You cannot be hasted, slowed, berserked, paralysed or teleported.
You can dig through walls and to a lower floor.
You have a pair of large antennae on your head. (SInv)
Your four strong arms can wield two-handed weapons with a shield.


Message History

The quokka is lightly wounded.
The quokka closely misses you.
Casting: Sandblast (safe; 4% risk of failure)
Confirm with . or Enter, or press ? or * to list all spells.
Aiming: Sandblast (safe; 4% risk of failure)
Press: ? - help, Shift-Dir - straight line, f/p - quokka
Aim: a quokka (lightly wounded, 71% to hit)
You miscast Sandblast.
You are very lightly contaminated with residual magic.
Nothing appears to happen.
The quokka bites you.
Casting: Sandblast (safe; 4% risk of failure)
Confirm with . or Enter, or press ? or * to list all spells.
Aiming: Sandblast (safe; 4% risk of failure)
Press: ? - help, Shift-Dir - straight line, f/p - quokka
Aim: a quokka (lightly wounded, 71% to hit)
The blast of sand misses the quokka.
The quokka bites you but does no damage.
Casting: Sandblast (safe; 4% risk of failure)
Confirm with . or Enter, or press ? or * to list all spells.
Aiming: Sandblast (safe; 4% risk of failure)
Press: ? - help, Shift-Dir - straight line, f/p - quokka
Aim: a quokka (lightly wounded, 71% to hit)
The blast of sand hits the quokka!
You kill the quokka!
You retract your mandibles.
You see here a quokka corpse.
Your magical contamination has completely faded away.
The centaur shouts!
The centaur shoots an arrow.
The arrow misses you.
The centaur shoots an arrow.
The arrow hits you.
Okay, then.
Okay, then.
As you read the scroll labelled KUGHUCLAMIRCH, it crumbles to dust.
You speak a Word of immense power!
It was a scroll of holy word.
As you read the scroll labelled RIK QEFIPHETSI, it crumbles to dust.
Magic quickly surges around you.
It was a scroll of vulnerability.
The centaur shoots an arrow.
The arrow hits you!
* * * LOW HITPOINT WARNING * * *
The centaur shoots an arrow.
The arrow hits you!
You die...

### { ... { #.#
#.. #.#
#..!##.######.#
#.......@...#.#
#..###c####.#.#
#....†.#.#
#..#.###.# #c.#.#
.#
..###..#.###.###.#
.................#
..####.###########
#.


You could see a centaur (weak-willed).

Vanquished Creatures
  An adder (D:1)
  3 dart slugs
  3 endoplasms (D:1)
  3 giant cockroaches (D:1)
  11 goblins
  3 hobgoblins (D:2)
  3 jackals (D:2)
  5 kobolds
  2 quokkas
  5 ball pythons
  2 bats (D:1)
  3 frilled lizards
  2 rats (D:1)
46 creatures vanquished.

Vanquished Creatures (others)
  2 plants (D:1)
2 creatures vanquished.

Grand Total: 48 creatures vanquished

Notes
Turn   | Place    | Note
-------+----------+-------------------------------------------
     0 | D:1      | enile the Formicid Earth Elementalist began the quest for
                  | the Orb.
     0 | D:1      | Reached XP level 1. HP: 13/13 MP: 3/3
    74 | D:1      | Reached skill level 1 in Fighting
   100 | D:1      | Reached XP level 2. HP: 21/21 MP: 0/5
   254 | D:1      | Found a faded altar of an unknown god.
   255 | D:1      | You fall into a shaft and drop 1 floor!
   389 | D:2      | Reached XP level 3. HP: 27/27 MP: 2/6
   807 | D:1      | Learned a level 2 spell: Passwall
   980 | D:1      | Prayed at the altar of an unknown god.
   980 | D:1      | Became a worshipper of Elyvilon the Healer
   980 | D:1      | Reached * piety under Elyvilon
  2063 | D:1      | Reached XP level 4. HP: 20/33 MP: 7/7
  2478 | D:2      | Noticed Robin
  2493 | D:2      | You fall into a shaft and drop 2 floors!
  2697 | D:4      | Noticed a centaur
  2718 | D:4      | Shot with an arrow by a centaur

Illustrated notes

Levels and vault maps discovered:
D:1:      lightli_arrival_statuegarden, layout_loops_ring,
          dreamdust_ecumenical_altar_grove, minmay_quantized
D:2:      layout_loops_ring, uniq_jessica, uniq_robin
D:4:      layout_loops_ring, kennysheep_slug_shrine, serial_shops,
          nicolae_shop_bloodbath_and_beyond, gup_sewer_entry_bubbles

Skill      XL: |  1  2  3  4 |
---------------+-------------+-----
Fighting       | 1 2 |  2.0
Dodging        | 2 3 |  3.0
Stealth        | 3 |  3.4
Spellcasting   | |  2.1
Transmutations | |  1.1
Earth Magic    | |  3.6

Action                   |  1- 3 |  4- 6 || total
-------------------------+-------+-------++-------
Melee: Unarmed           |    75 |       ||    75
       Dagger            |    24 |    26 ||    50
       Punch             |     1 |       ||     1
 Cast: Sandblast         |    39 |     5 ||    44
 Abil: Dig               |       |     1 ||     1
       Shaft Self        |       |     1 ||     1
  Use: Scroll            |     2 |     2 ||     4
       Potion            |     1 |     1 ||     2
 Stab: Sleeping          |     3 |       ||     3
Armor: Robe              |    31 |     7 ||    38
       Skin              |     3 |       ||     3
Dodge: Dodged            |    63 |    21 ||    84

Table legend: (Time is in decaauts)
 A = Elapsed time spent in this place.
 B = Non-inter-level travel time spent in this place.
 C = Inter-level travel time spent in this place.
 D = Time resting spent in this place.
 E = Time spent auto-exploring this place.
 F = Levels seen in this place.
 G = Mean time per level.
                   A        B        C        D        E       F      G
               +--------+--------+--------+--------+--------+-----+--------+
         Total |   2719 |   2587 |    132 |    356 |   1800 |   3 |  906.3 |
       Dungeon |   2719 |   2587 |    132 |    356 |   1800 |   3 |  906.3 |
               +--------+--------+--------+--------+--------+-----+--------+

Top non-repeatable levels by time:
     D:1: 1848 daAuts
     D:2: 646 daAuts
     D:4: 224 daAuts
